 Dungeon Crawl Stone Soup version 0.28.0-43-g3370ac3207 (webtiles) character file.

Game seed: 12295285010868195922

93 terff the Skirmisher (level 4, -10/37 HPs)
             Began as a Human Fighter on Mar 30, 2022.
             Mangled by an ogre
             ... wielding a +0 giant club
              (22 damage)
             ... on level 3 of the Dungeon.
             The game lasted 00:04:13 (1739 turns).

terff the Skirmisher (Human Fighter)                Turns: 1739, Time: 00:04:15

Health: -10/37     AC:  6    Str: 16    XL:     4   Next: 91%
Magic:  4/4        EV:  9    Int:  8    God:
Gold:   104        SH:  5    Dex: 15    Spells: 3/3 levels left

rFire   . . .      SeeInvis .   f - +2 whip (venom)
rCold   . . .      Faith    .   c - +0 buckler
rNeg    . . .      Spirit   .   b - +0 scale mail
rPois   .          Reflect  .   (no helmet)
rElec   .          Harm     .   (no cloak)
rCorr   .          Rampage  .   (no gloves)
Will    .....                   (no boots)
Stlth   ..........              h - amulet of regeneration
HPRegen 0.92/turn               (no ring)
MPRegen 0.09/turn               (no ring)

@: lethally poisoned (-10 -> -12)
A: no striking features
a: no special abilities


You were on level 3 of the Dungeon.
You visited 1 branch of the dungeon, and saw 3 of its levels.

You collected 104 gold pieces.

Inventory:

Hand Weapons
 a - a +0 flail
 f - a +2 whip of venom (weapon)
Armour
 b - a +0 scale mail (worn)
 c - a +0 buckler (worn)
Jewellery
 h - an amulet of regeneration (around neck)
Scrolls
 j - a scroll of teleportation {unknown}
Potions
 e - a potion of curing {unknown}
 g - 2 potions of resistance
 i - a potion of mutation


   Skills:
 * Level 3.9 Fighting
 + Level 2.7 Maces & Flails
 + Level 3.5 Armour
 + Level 1.0 Dodging
 + Level 0.1 Stealth
 + Level 3.3 Shields


You had 3 spell levels left.
You didn't know any spells.
Your spell library was empty.

Dungeon Overview and Level Annotations

Branches:
Dungeon (3/15)

Altars:

Annotations:
D:2 Sigmund


Message History

The ogre is moderately wounded.
The ogre hits you with a +0 giant club!!
Ouch! That really hurt!
* * * LOW HITPOINT WARNING * * *
You hit the ogre.
The ogre is poisoned.
The ogre is moderately wounded.
The ogre hits you with a +0 giant club.
* * * LOW HITPOINT WARNING * * *
The adder completely misses you. The adder completely misses you.
You hit the adder.
The adder is poisoned.
The adder is lightly wounded.
The adder barely misses you.
You barely miss the adder.
The adder is lightly wounded.
You block the adder's attack. The adder misses you.
You closely miss the adder.
The adder is lightly wounded.
You block the adder's attack.
You hit the adder.
The adder looks even sicker.
The adder is lightly wounded.
The adder bites you but does no damage.
You hit the adder.
The adder is moderately wounded.
The adder bites you.
You are poisoned.
The adder poisons you! The adder closely misses you.
You barely miss the adder.
The adder is heavily wounded.
You feel sick. The adder bites you but does no damage.
You hit the adder but do no damage.
The adder looks as sick as possible!
The adder is heavily wounded.
You feel sick. You block the adder's attack.
You barely miss the adder.
The adder is heavily wounded.
You feel sick.
You kill the adder!
The ogre hits you with a +0 giant club!!
Ouch! That really hurt!
You die...

#######
#.....##
##O###..#
#.@#⌠##..#
#..+..##).#
#..#⌠..##...
##.##...##....
#.###[))###..
#.# #.<)# ..
#.###..)#
#.##...##
#.#⌠..##


You could see an ogre (poisoned).

Vanquished Creatures
  Natasha (D:2)
  Robin (D:3)
  An adder (D:3)
  A dart slug (D:2)
  6 ball pythons
  3 bats (D:1)
  6 endoplasms
  13 goblins
  3 hobgoblins
  4 jackals (D:1)
  2 quokkas
  5 frilled lizards
  A kobold (D:1)
  3 rats
50 creatures vanquished.

Notes
Turn   | Place    | Note
-------+----------+-------------------------------------------
     0 | D:1      | terff the Human Fighter began the quest for the Orb.
     0 | D:1      | Reached XP level 1. HP: 18/18 MP: 1/1
   493 | D:1      | Reached XP level 2. HP: 24/24 MP: 2/2
   578 | D:1      | Found a faded altar of an unknown god.
   699 | D:1      | Reached XP level 3. HP: 29/29 MP: 3/3
  1299 | D:2      | Noticed Robin
  1375 | D:3      | Killed Robin
  1376 | D:3      | Reached XP level 4. HP: 25/37 MP: 4/4
  1533 | D:2      | Noticed Natasha
  1542 | D:2      | Killed Natasha
  1543 | D:2      | Reached skill level 1 in Dodging
  1575 | D:2      | Noticed Sigmund
  1641 | D:2      | HP: 1/37 [something/puff of flame (8)]
  1719 | D:3      | Noticed an ogre
  1739 | D:3      | Mangled by an ogre

Illustrated notes

Levels and vault maps discovered:
D:1:      dpeg_arrival_signposts, layout_basic, chequers_ecumenical_altar_simple
D:2:      layout_basic, uniq_robin, uniq_natasha, uniq_sigmund
D:3:      layout_rooms, serial_shops, shop, st_stairs_6, grunt_ministairs_8

Skill      XL: |  1  2  3  4 |
---------------+-------------+-----
Dodging        | 1 |  1.0
Fighting       | |  3.9
Maces & Flails | |  2.7
Armour         | |  3.5
Stealth        | |  0.1
Shields        | |  3.3

Action                   |  1- 3 |  4- 6 || total
-------------------------+-------+-------++-------
Melee: Whip              |   110 |    41 ||   151
       Flail             |     7 |       ||     7
  Use: Scroll            |     3 |       ||     3
       Potion            |       |     1 ||     1
Armor: Scale mail        |    65 |    17 ||    82
Dodge: Dodged            |    68 |    25 ||    93
Block: Buckler           |    41 |    12 ||    53
